 Dungeon Crawl Stone Soup version 0.26-a0-812-g31a745ddcd (webtiles) character file.

Game seed: 153553957886404941

2604 kae the Cleaver (level 9, 0/79 HPs)
             Began as a Hill Orc Fighter on Nov 24, 2020.
             Was a Follower of Qazlal.
             Succumbed to a water moccasin's poison
             ... on level 8 of the Dungeon.
             The game lasted 00:04:15 (7462 turns).

kae the Cleaver (Hill Orc Fighter)                  Turns: 7462, Time: 00:04:16

Health: 0/79       AC: 13    Str: 22    XL:     9   Next: 59%
Magic:  12/12      EV:  7    Int:  8    God:    Qazlal [*.....]
Gold:   367        SH: 12    Dex: 10    Spells: 8/8 levels left

rFire    . . .     SeeInvis .   a - +1 war axe
rCold    . . .     Faith    .   c - +0 kite shield
rNeg     . . .     Spirit   .   j - +0 chain mail
rPois    .         Reflect  .   e - +0 helmet
rElec    .         Harm     .   r - +1 cloak
rCorr    +         Rampage  .   (no gloves)
MR       .....                  (no boots)
Stlth    ..........             (no amulet)
HPRegen  0.23/turn              l - ring of resist corrosion
MPRegen  0.13/turn              (no ring)

@: mighty, lethally poisoned (0 -> -3)
A: no striking features
a: Renounce Religion


You were on level 8 of the Dungeon.
You worshipped Qazlal.
Qazlal was aware of your devotion.
You visited 2 branches of the dungeon, and saw 9 of its levels.

You collected 367 gold pieces.

Inventory:

Hand Weapons
 a - a +1 war axe (weapon)
Armour
 b - a +0 scale mail
 c - a +0 kite shield (worn)
 e - a +0 helmet (worn)
 j - a +0 chain mail (worn)
 r - a +1 cloak (worn)
Jewellery
 g - an uncursed ring of protection from cold {unknown}
 l - a ring of resist corrosion (left hand)
Wands
 n - a wand of flame (11)
 q - a wand of iceblast (7)
Scrolls
 i - a scroll of noise
 o - 3 scrolls of teleportation {unknown}
 s - a scroll of blinking
 t - a scroll of fog
 u - a scroll of vulnerability {unknown}
 v - 3 scrolls of remove curse
Potions
 f - 2 potions of magic
 h - a potion of haste
 k - 4 potions of degeneration
 m - 2 potions of resistance
 w - a potion of lignification


   Skills:
 + Level 7.1 Fighting
 * Level 9.7 Axes
 + Level 6.4 Armour
 + Level 3.5 Dodging
 + Level 6.3 Shields
 + Level 4.3 Invocations


You had 8 spell levels left.
You didn't know any spells.
Your spell library contained the following spells:

 Spells                   Type           Power        Failure   Level
 Magic Dart               Conj           #...         100%        1
 Shock                    Conj/Air       #...         100%        1
 Blink                    Tloc           N/A          100%        2
 Call Imp                 Summ           #.......     100%        2
 Slow                     Hex            #.......     100%        2
 Swiftness                Air            #.......     100%        2
 Conjure Flame            Conj/Fire      #.......     100%        3
 Mephitic Cloud           Conj/Pois/Air  #.......     100%        3
 Static Discharge         Conj/Air       #.......     100%        3
 Airstrike                Air            #.........   100%        4
 Lightning Bolt           Conj/Air       #.........   100%        5


Dungeon Overview and Level Annotations

Branches:
Dungeon (8/15)             Temple (1/1) D:5
   Lair: D:8-11

Altars:
Ashenzari
Cheibriados
Dithmenos
Elyvilon
Fedhas
Gozag
Hepliaklqana
Kikubaaqudgha
Makhleb
Nemelex Xobeh
Okawaru
Qazlal
Ru
Sif Muna
Trog
Vehumet
Wu Jian
Xom
Yredelemnul
Zin
The Shining One


Message History

You closely miss the wyvern.
The wyvern is heavily wounded.
You closely miss the wyvern.
You slash the black bear! x2; You feel sick.
You block the wyvern's attack.
The wyvern bites you but does no damage.
The black bear bites you but does no damage.
The black bear claws you.
* * * LOW HITPOINT WARNING * * *
The black bear claws you.
* * * LOW HITPOINT WARNING * * *
You block the black bear's attack. The black bear barely misses you.
The black bear claws you but does no damage.
Okay, then.
As you read the scroll of fear, it crumbles to dust.
You assume a fearsome visage.
The black bear looks frightened!
The water moccasin looks frightened!
The wyvern looks frightened!
The black bear looks frightened!
The wyvern looks frightened!
The black bear looks frightened!
The orc warrior looks frightened!
The orc looks frightened! x2
You die... ♣.....P ....... .. .....P. ... .P..... #####..# P..oPh.

#.....#
.PPSo..##<..#
.....l†#@<###
#†..##
.P....††.#
....lh.h.#
#...##o..#
... ###.# ..
#.# # #.# ..


You could see 2 black bears, a wyvern (fleeing) and an orc (fleeing).

Vanquished Creatures
  A wyvern (D:8)
  Edmund (D:4)
  3 water moccasins (D:8)
  2 orc warriors
  2 sky beasts (D:7)
  A phantom (D:7)
  A necrophage (D:5)
  A wolf (D:8)
  A black bear (D:8)
  2 centaurs (D:6)
  Blork the orc (D:6)
  3 bullfrogs (D:6)
  A scorpion (D:5)
  A centaur zombie (D:6)
  A bullfrog zombie (D:7)
  2 quasits (D:6)
  A jelly (D:7)
  4 orc priests
  3 orc wizards
  Crazy Yiuf (D:4)
  Ijyb (D:4)
  4 iguanas
  5 worker ants
  A killer bee zombie (D:7)
  A hound skeleton (D:4)
  3 gnolls (D:7)
  5 adders
  2 white imps
  2 oozes
  5 worms
  3 dart slugs
  6 leopard geckos
  10 orcs
  A ball python (D:4)
  12 bats
  3 giant cockroaches
  6 goblins
  7 hobgoblins
  2 quokkas
  5 frilled lizards
  A jackal skeleton (D:7)
  7 kobolds
  7 rats
132 creatures vanquished.

Vanquished Creatures (others)
  10 plants (D:8)
10 creatures vanquished.

Grand Total: 142 creatures vanquished

Notes
Turn   | Place    | Note
-------+----------+-------------------------------------------
     0 | D:1      | kae the Hill Orc Fighter began the quest for the Orb.
     0 | D:1      | Reached XP level 1. HP: 19/19 MP: 1/1
   109 | D:1      | Reached skill level 3 in Axes
   110 | D:1      | Reached XP level 2. HP: 26/27 MP: 2/2
   364 | D:1      | Reached XP level 3. HP: 28/33 MP: 3/3
   815 | D:2      | Found a white marble altar of Elyvilon.
   991 | D:2      | Reached skill level 4 in Axes
   991 | D:2      | Reached XP level 4. HP: 24/40 MP: 4/4
  1128 | D:2      | Found an ancient bone altar of Kikubaaqudgha.
  2048 | D:3      | Reached XP level 5. HP: 32/47 MP: 5/5
  2184 | D:3      | Found a shadowy altar of Dithmenos.
  2252 | D:3      | Found a faded altar of an unknown god.
  2905 | D:4      | Reached skill level 5 in Axes
  3255 | D:4      | Noticed Edmund
  3257 | D:4      | Reached XP level 6. HP: 51/55 MP: 6/6
  3277 | D:4      | Killed Edmund
  3277 | D:4      | Reached skill level 5 in Fighting
  3277 | D:4      | Reached skill level 6 in Axes
  3277 | D:4      | Reached skill level 1 in Dodging
  3611 | D:4      | Found a runed translucent door.
  3612 | D:4      | Noticed Crazy Yiuf
  3659 | D:4      | Noticed Ijyb
  3678 | D:4      | Killed Ijyb
  3989 | D:4      | Killed Crazy Yiuf
  3989 | D:4      | Reached XP level 7. HP: 59/61 MP: 7/7
  4042 | D:5      | Entered Level 5 of the Dungeon
  4109 | D:5      | Found a staircase to the Ecumenical Temple.
  4170 | Temple   | Entered the Ecumenical Temple
  4746 | D:6      | Found a stormy altar of Qazlal.
  4755 | D:6      | Found a shimmering altar of Xom.
  4810 | D:6      | Reached skill level 5 in Armour
  4840 | D:6      | Became a worshipper of Qazlal Stormbringer
  4865 | D:6      | Reached skill level 7 in Axes
  4865 | D:6      | Reached skill level 5 in Shields
  4919 | D:6      | Reached XP level 8. HP: 62/70 MP: 8/8
  4931 | D:6      | Reached skill level 1 in Invocations
  5020 | D:6      | Found a sacrificial altar of Ru.
  5239 | D:6      | Found a bloodstained altar of Trog.
  5387 | D:6      | Noticed Blork the orc
  5405 | D:6      | Killed Blork the orc
  5976 | D:6      | Reached skill level 8 in Axes
  6577 | D:7      | Reached XP level 9. HP: 5/78 MP: 11/11
  6583 | D:7      | Reached * piety under Qazlal
  6932 | D:7      | Reached skill level 9 in Axes
  7330 | D:7      | Found a shimmering blue altar of Sif Muna.
  7460 | D:8      | HP: 3/79 [black bear (4)]
  7460 | D:8      | HP: 1/79 [black bear (2)]
  7462 | D:8      | Succumbed to a water moccasin's poison

Illustrated notes

Levels and vault maps discovered:
D:1:      saegor_arrival_simple_b, layout_loops_ring, nrook_campfire
D:2:      layout_loops_corners, elyvilon_altar_3, lemuel_altar_in_water
D:3:      layout_basic, chequers_ecumenical_altar_island, grunt_dithmenos_smoke
D:4:      layout_loops_corners, uniq_crazy_yiuf_cottage, uniq_edmund, uniq_ijyb
D:5:      layout_basic, temple_green
D:6:      layout_basic, grunt_temple_overflow_open, marbit_many_paths,
          basic_altar, lemuel_statue_altar, uniq_blork_the_orc
D:7:      layout_cave_pools, led_sif_book, minmay_strange_pillars
D:8:      layout_rooms, minmay_lair_entry_grove, enter_ossuary_3, minivault_4,
          uniq_joseph
Temple:   regret_index_temple_sphere_string

Skill      XL: |  1  2  3  4  5  6  7  8  9 |
---------------+----------------------------+-----
Axes           | 3 4 5 6 7 8 9 |  9.7
Fighting       | 4 5 6 7 |  7.1
Shields        | 4 5 6 |  6.3
Armour         | 4 5 6 |  6.4
Dodging        | 1 2 3 |  3.5
Invocations    | 3 4 |  4.3

Action                   |  1- 3 |  4- 6 |  7- 9 || total
-------------------------+-------+-------+-------++-------
Melee: War axe           |    89 |   181 |   294 ||   564
  Use: Scroll            |       |     7 |     6 ||    13
       Potion            |       |       |     4 ||     4
Armor: Scale mail        |    61 |    42 |       ||   103
       Chain mail        |       |    19 |   226 ||   245
       Skin              |       |       |     2 ||     2
Dodge: Dodged            |    36 |    53 |    89 ||   178
Block: Kite shield       |    56 |    89 |   204 ||   349

Table legend: (Time is in decaauts)
 A = Elapsed time spent in this place.
 B = Non-inter-level travel time spent in this place.
 C = Inter-level travel time spent in this place.
 D = Time resting spent in this place.
 E = Time spent auto-exploring this place.
 F = Levels seen in this place.
 G = Mean time per level.
                   A        B        C        D        E       F      G
               +--------+--------+--------+--------+--------+-----+--------+
         Total |   7619 |   7325 |    294 |    334 |   5830 |   9 |  846.6 |
       Dungeon |   7479 |   7194 |    285 |    334 |   5699 |   8 |  934.9 |
        Temple |    139 |    131 |      8 |      0 |    131 |   1 |  139.0 |
               +--------+--------+--------+--------+--------+-----+--------+

Top non-repeatable levels by time:
     D:6: 1524 daAuts
     D:4: 1263 daAuts
     D:7: 1240 daAuts
     D:2: 1196 daAuts
     D:3: 984 daAuts
     D:1: 700 daAuts
     D:5: 543 daAuts
  Temple: 139 daAuts
     D:8: 26 daAuts
